 Dungeon Crawl Stone Soup version 0.25.1-2-g60ff931df9 (webtiles) character file.

Game seed: 8634621786817928812

51 DildoBatman the Magician (level 4, -1/29 (30) HPs)
             Began as a Formicid Wizard on Sept 17, 2020.
             Engulfed by a cloud of foul pestilence (2 damage)
             ... on level 2 of the Dungeon.
             The game lasted 00:03:26 (1316 turns).

DildoBatman the Magician (Formicid Wizard)          Turns: 1316, Time: 00:03:26

HP:   -1/29 (30)    AC:  2    Str: 12    XL:     4   Next: 7%
MP:   3/8           EV: 12    Int: 18    God:
Gold: 88            SH:  0    Dex:  9    Spells: 8/9 levels left

rFire    . . .     SeeInvis +   a - +0 hunting sling (flame)
rCold    . . .     Gourm    .   (no shield)
rNeg     . . .     Faith    .   c - +0 robe
rPois    .         Spirit   .   (helmet unavailable)
rElec    .         Reflect  .   (no cloak)
rCorr    .         Harm     .   (no gloves)
MR       .....                  (no boots)
Stlth    ++........             (no amulet)
HPRegen  0.09/turn              (no ring)
MPRegen  0.11/turn              (no ring)

@: lethally poisoned (-1 -> -72), wreathed by umbra
A: permanent stasis, dig shafts and tunnels, four strong arms, antennae 3
a: Dig, Shaft Self


You were on level 2 of the Dungeon.
You were not hungry.

You visited 1 branch of the dungeon, and saw 2 of its levels.

You collected 88 gold pieces.

Inventory:

Hand Weapons
 a - a +0 hunting sling of flaming (weapon)
 b - a +2 dagger of venom
Missiles
 e - 17 arrows
 i - 41 bolts
 j - 67 stones (quivered)
 n - 22 sling bullets
Armour
 c - a +0 robe (worn)
Scrolls
 g - a scroll of immolation {unknown}
 k - 3 scrolls of identify {unknown}
 l - a scroll of blinking {unknown}
 m - a scroll of fog {unknown}
 p - a scroll of noise {unknown}
 r - a scroll of teleportation {unknown}
Potions
 f - 2 potions of might {unknown}
 h - a potion of lignification {unknown}
 o - a potion of flight {unknown}
 q - a potion of invisibility {unknown}
Comestibles
 d - 5 chunks of flesh
 v - 3 rations


   Skills:
 - Level 1.7 Dodging
 - Level 2.4 Stealth
 - Level 3.2 Spellcasting
 * Level 3.2 Conjurations
   Level 1.0 Summonings
   Level 0.8 Translocations


You had 8 spell levels left.
You knew the following spells:

 Your Spells              Type           Power        Failure   Level  Hunger
c - Magic Dart            Conj           ##..         4%          1    None

Your spell library contained the following spells:

 Spells                   Type           Power        Failure   Level  Hunger
 Call Imp                 Summ           #.......     16%         2    ##.....
 Slow                     Hex            #.......     24%         2    ##.....
 Conjure Flame            Conj/Fire      #.......     24%         3    ###....
 Mephitic Cloud           Conj/Pois/Air  #.......     30%         3    ###....
 Blink                    Tloc           Unusable     N/A         2    N/A

Dungeon Overview and Level Annotations

Branches:
Dungeon (2/15)

Altars:
Sif Muna
Yredelemnul
The Shining One

Annotations:
D:2 exclusion: angel


Innate Abilities, Weirdness & Mutations

You cannot be hasted, slowed, berserked, paralysed or teleported.
You can dig through walls and to a lower floor.
Your four strong arms can wield two-handed weapons with a shield.
You have a pair of large antennae on your head. (SInv)


Message History

Orders for allies: a - Attack new target. r - Retreat! s - Stop attacking. g - Guard the area. f - Follow me.
Anything else - Cancel.
You shout for attention!
You are engulfed in dark miasma.
You are more poisoned.
Your stasis prevents you from being slowed.
You feel very sick. What are your orders? t - Shout!
Orders for allies: a - Attack new target. r - Retreat! s - Stop attacking. g - Guard the area. f - Follow me.
Anything else - Cancel.
You shout for attention!
You are engulfed in dark miasma.
You are more poisoned.
Your stasis prevents you from being slowed.
You die...

####### ....... ...... ..####
#### .....# ######..# #######
.....# ##A###..# ##≈≈≈≈≈## .....#
######..# #≈≈≈≈≈≈≈# .....#
#§.@##..# #≈≈...≈≈# #....#
#..##._.##..###≈≈._.≈≈#
#÷÷..#####..##§.§##....#≈≈...≈≈#{
#....#......##...##....#≈≈≈.≈≈≈#
#....#......##§÷§##....##≈≈.≈≈##
#.........).##...##.....###'###
............###'###.....###.#
............#.....#.....#.#.#
............).......#####...# {


You could see a profane servitor.

Vanquished Creatures
  An adder (D:2)
  2 ball pythons
  14 hobgoblins
  2 jackals (D:2)
  8 bats
  A frilled lizard (D:1)
  A goblin (D:2)
  2 kobolds
  A quokka skeleton (D:2)
  7 rats
39 creatures vanquished.

Vanquished Creatures (others)
  A rat (D:2)
1 creature vanquished.

Grand Total: 40 creatures vanquished

Notes
Turn   | Place    | Note
-------+----------+-------------------------------------------
     0 | D:1      | DildoBatman the Formicid Wizard began the quest for the
                  | Orb.
     0 | D:1      | Reached XP level 1. HP: 13/13 MP: 4/4
    10 | D:1      | Reached skill level 1 in Conjurations
   315 | D:1      | Reached XP level 2. HP: 17/19 MP: 6/6
   626 | D:1      | Reached XP level 3. HP: 24/24 MP: 7/7
   925 | D:2      | Found a shimmering blue altar of Sif Muna.
   953 | D:2      | Found a basalt altar of Yredelemnul.
   957 | D:2      | Found a glowing golden altar of the Shining One.
   959 | D:2      | Noticed an angel
  1264 | D:2      | Noticed a profane servitor
  1298 | D:2      | Reached XP level 4. HP: 25/30 MP: 1/8
  1315 | D:2      | HP: 1/29 [poison (dark miasma)]
  1316 | D:2      | Engulfed by a cloud of foul pestilence

Illustrated notes

Levels and vault maps discovered:
D:1:      nzn_arrival_water_spiral, layout_basic, nrook_loot_triangle
D:2:      layout_basic, grunt_temple_overflow_holy_war, led_sif_pool,
          first_ration

Skill      XL: |  1  2  3 |
---------------+----------+-----
Conjurations   | 1 2 3 |  3.2
Dodging        | |  1.7
Stealth        | |  2.4
Spellcasting   | |  3.2
Summonings     | |  1.0
Translocations | |  0.8

Action                   |  1- 3 |  4- 6 || total
-------------------------+-------+-------++-------
Melee: Club              |     2 |       ||     2
       Dagger            |     9 |       ||     9
 Fire: Hunting sling     |    57 |       ||    57
 Cast: Magic Dart        |    39 |     1 ||    40
 Abil: Dig               |     1 |     1 ||     2
  Eat: Chunk             |     1 |       ||     1
Armor: Robe              |     6 |       ||     6
Dodge: Dodged            |    20 |       ||    20
